 Dungeon Crawl Stone Soup version 0.27-a0-1202-ge72e49191c (webtiles) character file.

Game seed: 16575021389437152390

2368 deadmanwalking the Thaumaturge (level 9, 0/45 HPs)
             Began as a Deep Elf Conjurer on June 4, 2021.
             Was an Initiate of Kikubaaqudgha.
             Slain by a killer bee (5 damage)
             ... on level 7 of the Dungeon on June 5, 2021.
             The game lasted 00:29:30 (9675 turns).

deadmanwalking the Thaumaturge (Deep Elf Conjurer)  Turns: 9675, Time: 00:29:31

Health: 0/45       AC:  4    Str:  4    XL:     9   Next: 21%
Magic:  14/24      EV: 12    Int: 27    God:    Kikubaaqudgha [......]
Gold:   339        SH:  0    Dex:  9    Spells: 3/26 levels left

rFire    . . .     SeeInvis .   a - +7 quarterstaff "Hulk" {pain, rElec rC+ rN++ Dex-4}
rCold    + . .     Faith    .   (shield currently unavailable)
rNeg     + + .     Spirit   .   A - +1 robe
rPois    .         Reflect  .   (no helmet)
rElec    +         Harm     .   (no cloak)
rCorr    .         Rampage  .   k - +0 pair of gloves
Will     +....                  (no boots)
Stlth    ++........             (no amulet)
HPRegen  0.15/turn              F - ring of willpower
MPRegen  0.19/turn              (no ring)

@: lethally poisoned (0 -> -1)
A: no striking features
a: Renounce Religion


You were on level 7 of the Dungeon.
You worshipped Kikubaaqudgha.
Kikubaaqudgha was noncommittal.
You visited 2 branches of the dungeon, and saw 9 of its levels.

You collected 339 gold pieces.

Inventory:

Hand Weapons
 a - the +7 quarterstaff "Hulk" (weapon) {pain, rElec rC+ rN++ Dex-4}
   (You found it on level 5 of the Dungeon)

   In the hands of one skilled in necromantic magic, it inflicts extra damage on
   living creatures.
   It affects your dexterity (-4).
   It protects you from cold.
   It insulates you from electricity.
   It greatly protects you from negative energy.
Missiles
 r - 23 poisoned darts
 y - 5 throwing nets
Armour
 k - a +0 pair of gloves (worn)
 A - a +1 robe (worn)
Jewellery
 i - a ring of ice
 p - a ring of ice
 F - a ring of willpower (left hand)
Wands
 H - a wand of flame (22)
 L - a wand of iceblast (9)
Scrolls
 x - 5 scrolls of teleportation
 B - a scroll of summoning
Potions
 d - 4 potions of magic
 e - 2 potions of heal wounds
 h - 2 potions of flight
 s - 3 potions of curing
 u - 4 potions of mutation {unknown}
 z - a potion of cancellation {unknown}
 C - a potion of brilliance {unknown}
 G - a potion of might {unknown}
 J - a potion of resistance {unknown}


   Skills:
 + Level 3.3 Staves
 - Level 2.4 Dodging
 - Level 2.4 Stealth
 + Level 9.2 Spellcasting
 + Level 8.6 Conjurations
 - Level 6.3 Hexes
 + Level 4.0 Necromancy
 - Level 0.2 Translocations
 + Level 3.5 Earth Magic


You had 3 spell levels left.
You knew the following spells:

 Your Spells              Type           Power      Damage    Failure   Level
a - Magic Dart            Conj           100%       1d8       1%          1
b - Searing Ray           Conj           100%       3d7       1%          2
c - Fulminant Prism       Conj/Hex       26%        3d14      2%          4
d - Animate Skeleton      Necr           68%        N/A       1%          1
e - Apportation           Tloc           26%        N/A       4%          1
f - Corona                Hex            51%        N/A       1%          1
g - Iron Shot             Conj/Erth      22%        9d5       52%         6
h - Orb of Destruction    Conj           28%        9d11      75%         7

Your spell library contained the following spells:

 Spells                   Type           Power      Damage    Failure   Level
 Dazzling Flash           Conj/Hex       100%       N/A       1%          3
 Beastly Appendage        Tmut           24%        N/A       4%          1
 Summon Small Mammal      Summ           48%        N/A       4%          1
 Wereblood                Tmut           12%        N/A       7%          2
 Spider Form              Tmut/Pois      6%         N/A       14%         3
 Iskenderun's Battlesphe  Conj           56%        2d11      3%          5
 Iskenderun's Mystic Bla  Conj/Tloc      36%        2d9       8%          4
 Bolt of Magma            Conj/Fire/Erth 17%        4d9       24%         5
 Ice Form                 Ice/Tmut       12%        N/A       43%         4
 Hydra Form               Tmut           6%         N/A       78%         5
 Spellforged Servitor     Conj/Summ      17%        N/A       100%        7


Dungeon Overview and Level Annotations

Branches:
Dungeon (8/15)             Temple (1/1) D:7
   Lair: D:8-11

Altars:
Ashenzari
Cheibriados
Dithmenos
Elyvilon
Fedhas
Gozag
Kikubaaqudgha
Makhleb
Nemelex Xobeh
Okawaru
Qazlal
Ru
Sif Muna
Uskayaw
Vehumet
Wu Jian
Yredelemnul
Zin
The Shining One


Message History

The killer bee closely misses you.
The bullfrog hits the fungus.
The killer bee stings you.
The orc hits the plant with a +0 falchion.
The plant begins to die.
The orc shouts!
You climb upwards.
You feel very sick.
There is a stone staircase leading down here.
Casting: Searing Ray (safe; 1% risk of failure)
Confirm with . or Enter, or press ? or * to list all spells.
Aiming: Searing Ray (safe; 1% risk of failure)
Press: ? - help, Shift-Dir - straight line, f - killer bee
Aim: a killer bee (65% to hit)
The searing ray hits the killer bee!
The killer bee is heavily wounded. (Press . to maintain the ray.)
You feel sick. The killer bee barely misses you. The killer bee stings you.
The killer bee barely misses you. The killer bee stings you.
The searing ray hits the killer bee.
The killer bee is almost dead.
You feel sick. The killer bee stings you.
The killer bee stings you but does no damage.
The killer bee closely misses you. x2
The searing ray hits the killer bee!
You kill the killer bee!
Kikubaaqudgha accepts your kill.
You feel sick. The killer bee closely misses you. The killer bee stings you.
* * * LOW HITPOINT WARNING * * *
Casting: Searing Ray (safe; 1% risk of failure)
Confirm with . or Enter, or press ? or * to list all spells.
Aiming: Searing Ray (safe; 1% risk of failure)
Press: ? - help, Shift-Dir - straight line, f - killer bee
Aim: a killer bee (almost dead, 65% to hit)
The searing ray misses the killer bee. (Press . to maintain the ray.)
You feel sick. The killer bee stings you.
* * * LOW HITPOINT WARNING * * *
The killer bee stings you.
You die...
Kikubaaqudgha rasps: "You have failed me!
Welcome... death!"

#............# #.#
#......###.#.# #.#
#......# #.#.# #.#
#......# #.#.# #.#
#......# #.#.######.#
#.###### #.#...<....# #.#
#.##########
#########.########.#######
................@#.......#
#########.######y#######.#
# #.# #.# #.# # #.# #.#
#.# # #.# #.# #.# # #.#
#.#######.# # #.#
#.......#.#
#########.############.#.#
#.......#..........<.#.#.#


You could see a killer bee.

Vanquished Creatures
  Grinder (D:3)
  2 water moccasins (D:5)
  An orc warrior (D:7)
  A hornet zombie (D:5)
  2 sky beasts
  4 ogres (D:4)
  A phantom (D:4)
  2 bullfrogs
  A gnoll sergeant (D:6)
  A scorpion (D:7)
  3 water moccasin skeletons (D:5)
  2 killer bees (D:7)
  2 centaur zombies (D:5)
  2 hounds
  2 bullfrog skeletons
  3 orc priests
  2 centaur skeletons
  An iguana (D:6)
  3 orc wizards
  A hound skeleton (D:5)
  8 adders
  4 gnolls (D:6)
  An ufetubus (D:7)
  An adder skeleton (D:4)
  4 worms
  6 dart slugs
  20 orcs
  10 ball pythons
  7 bats
  2 endoplasms (D:2)
  A giant cockroach (D:2)
  3 goblins
  9 hobgoblins
  6 jackals
  8 kobolds
  4 quokkas
  A frilled lizard (D:3)
  A quokka skeleton (D:4)
  3 rats
136 creatures vanquished.

Vanquished Creatures (collateral kills)
  An adder (D:4)
1 creature vanquished.

Vanquished Creatures (others)
  3 fulminant prisms (D:6)
  13 fungi
  13 plants
  2 withered plants (D:5)
31 creatures vanquished.

Grand Total: 168 creatures vanquished

Notes
Turn   | Place    | Note
-------+----------+-------------------------------------------
     0 | D:1      | deadmanwalking the Deep Elf Conjurer began the quest for
                  | the Orb.
     0 | D:1      | Reached XP level 1. HP: 10/10 MP: 6/6
   258 | D:1      | Reached XP level 2. HP: 15/15 MP: 4/8
   261 | D:1      | Learned a level 2 spell: Searing Ray
   969 | D:1      | Reached skill level 4 in Spellcasting
  1054 | D:1      | Reached skill level 5 in Conjurations
  1054 | D:1      | Reached XP level 3. HP: 19/19 MP: 6/10
  1308 | D:1      | Found a faded altar of an unknown god.
  2100 | D:2      | Found a shadowy altar of Dithmenos.
  2294 | D:2      | Reached XP level 4. HP: 24/24 MP: 9/12
  2299 | D:2      | Learned a level 4 spell: Fulminant Prism
  2787 | D:3      | Reached skill level 1 in Hexes
  2815 | D:3      | Reached skill level 5 in Spellcasting
  3425 | D:3      | Found a glowing silver altar of Zin.
  3437 | D:3      | Reached XP level 5. HP: 28/28 MP: 9/14
  3476 | D:3      | Learned a level 1 spell: Animate Skeleton
  3478 | D:3      | Learned a level 1 spell: Apportation
  3560 | D:3      | Noticed Grinder
  3569 | D:3      | Killed Grinder
  3570 | D:3      | Reached skill level 6 in Spellcasting
  3570 | D:3      | Reached XP level 6. HP: 26/32 MP: 4/17
  3576 | D:3      | Learned a level 1 spell: Corona
  4338 | D:4      | Found a blossoming altar of Fedhas.
  4352 | D:4      | Reached XP level 7. HP: 36/36 MP: 8/19
  4576 | D:4      | Found a stormy altar of Qazlal.
  4626 | D:4      | Reached skill level 7 in Spellcasting
  4626 | D:4      | Reached skill level 5 in Hexes
  5160 | D:5      | Entered Level 5 of the Dungeon
  5467 | D:5      | Reached XP level 8. HP: 41/41 MP: 13/21
  5597 | D:5      | Identified the +7 quarterstaff "Hulk" {pain, rElec rC+ rN++
                  | Dex-4}
  5667 | D:5      | Reached skill level 8 in Spellcasting
  5703 | D:5      | Reached skill level 1 in Necromancy
  5749 | D:5      | Learned a level 6 spell: Iron Shot
  5876 | D:5      | Reached skill level 1 in Staves
  5876 | D:5      | Reached skill level 1 in Earth Magic
  6194 | D:5      | Learned a level 7 spell: Orb of Destruction
  6460 | D:5      | Found a shimmering blue altar of Sif Muna.
  6464 | D:5      | Found a sparkling altar of Nemelex Xobeh.
  6465 | D:5      | Found a burning altar of Makhleb.
  6764 | D:6      | Found a white marble altar of Elyvilon.
  7755 | D:7      | Reached XP level 9. HP: 45/45 MP: 16/23
  7761 | D:7      | Reached skill level 9 in Spellcasting
  7961 | D:7      | Found a shadowy altar of Dithmenos.
  8610 | D:7      | Found a staircase to the Ecumenical Temple.
  8619 | Temple   | Entered the Ecumenical Temple
  8752 | Temple   | Became a worshipper of Kikubaaqudgha
  9675 | D:7      | Slain by a killer bee

Illustrated notes

Levels and vault maps discovered:
D:1:      elethiomel_arrival_maze, layout_basic,
          shapermc_ecumenical_altar_mp_urbaneastern
D:2:      layout_basic, basic_altar
D:3:      layout_basic, nicolae_overflow_crystal_walls, uniq_grinder
D:4:      layout_basic, grunt_temple_overflow_forces_of_nature,
          minmay_misc_feat_rows
D:5:      layout_loops_ring, gammafunk_temple_overflow_forgotten, serial_undead,
          serial_undead_e, serial_undead_e, serial_undead_c, serial_undead_a
D:6:      layout_rooms, marbit_many_paths, serial_bayou_pond_d,
          minmay_misc_feat_encased, kennysheep_small_spiral,
          serial_bayou_crossing
D:7:      layout_basic, lemuel_tele_altar, lemuel_temple_firewalk_b,
          chequers_serial_rivers_small_b, hex_intersection, lemuel_flame_loot_1
D:8:      layout_cave_pools, trog_book, due_lair_maze_entry_diamond,
          nicolae_elemental_shop
Temple:   jpeg_temple_clearing

Skill      XL: |  1  2  3  4  5  6  7  8  9 |
---------------+----------------------------+-----
Spellcasting   | 4 5 6 7 8 9 |  9.2
Conjurations   | 5 6 7 8 |  8.6
Hexes          | 1 3 4 6 |  6.3
Necromancy     | 3 4 |  4.0
Staves         | 2 3 |  3.3
Earth Magic    | 3 |  3.5
Dodging        | |  2.4
Stealth        | |  2.4
Translocations | |  0.2

Action                   |  1- 3 |  4- 6 |  7- 9 || total
-------------------------+-------+-------+-------++-------
Melee: Short sword       |     8 |     2 |       ||    10
       Quarterstaff      |       |       |     3 ||     3
 Cast: Magic Dart        |    80 |    54 |    99 ||   233
       Searing Ray       |     2 |    10 |    35 ||    47
       Fulminant Prism   |       |       |     3 ||     3
       Animate Skeleton  |       |       |     1 ||     1
  Use: Scroll            |     4 |     2 |    12 ||    18
 Stab: Sleeping          |     1 |       |       ||     1
Armor: Robe              |     4 |     1 |    15 ||    20
Dodge: Dodged            |    23 |     3 |    30 ||    56

Table legend: (Time is in decaauts)
 A = Elapsed time spent in this place.
 B = Non-inter-level travel time spent in this place.
 C = Inter-level travel time spent in this place.
 D = Time resting spent in this place.
 E = Time spent auto-exploring this place.
 F = Levels seen in this place.
 G = Mean time per level.
                   A        B        C        D        E       F      G
               +--------+--------+--------+--------+--------+-----+--------+
         Total |   9696 |   8959 |    737 |    104 |   7908 |   9 | 1077.3 |
       Dungeon |   9535 |   8818 |    717 |    104 |   7787 |   8 | 1191.9 |
        Temple |    160 |    140 |     20 |      0 |    121 |   1 |  160.0 |
               +--------+--------+--------+--------+--------+-----+--------+

Top non-repeatable levels by time:
     D:7: 1794 daAuts
     D:1: 1629 daAuts
     D:3: 1584 daAuts
     D:5: 1493 daAuts
     D:4: 1069 daAuts
     D:2: 1033 daAuts
     D:6: 917 daAuts
  Temple: 160 daAuts
     D:8: 13 daAuts
